TOP OF THE 1ST |
Augusta Timber Hawks batting - Pitching for Jersey City Sun Caps : RHP Aurelio López
|
Pitching: RHP Aurelio López
|
|
Batting: LHB Brad Lawrence
|
0-0: Foul Ball, location: 2F 0-1: Bunt for hit - play at first, batter OUT! 5-3
|
Batting: LHB Ray Merrill
|
0-0: Fly out, F2 (Popup, 5SF)
|
Batting: LHB Alberto Torres
|
0-0: Swinging Strike 0-1: Called Strike 0-2: Foul Ball, location: 2F 0-2: Foul Ball, location: 2F 0-2: Ball 1-2: Ball 2-2: Ball 3-2: Foul Ball, location: 2F 3-2: Ground out 6-3 (Groundball, 6)
|
Top of the 1st over - 0 run(s), 0 hit(s), 0 error(s), 0 left on base; Augusta 0 - Jersey City 0 |
BOTTOM OF THE 1ST |
Jersey City Sun Caps batting - Pitching for Augusta Timber Hawks : RHP Seth Rice
|
Pitching: RHP Seth Rice
|
|
Batting: RHB Luis Rodríguez
|
0-0: Swinging Strike 0-1: Ball 1-1: Foul Ball, location: 2F 1-2: Ball 2-2: Fly out, F8 (Flyball, 8RM)
|
Batting: RHB Bryan Wilson
|
0-0: Ball 1-0: Ball 2-0: Ball 3-0: Called Strike 3-1: Called Strike 3-2: SINGLE (Groundball, 4MD)
|
Batting: LHB Roberto Salazar
|
0-0: Called Strike 0-1: Ball 1-1: Ball 2-1: Ball 3-1: Base on Balls Bryan Wilson to second
|
Batting: RHB Micheal Murdoch
|
0-0: Called Strike 0-1: Fly out, F6 (Line Drive, 6)
|
Batting: RHB Eddy Baxter
|
0-0: Ball 1-0: Fly out, F7 (Flyball, 78M)
|
Bottom of the 1st over - 0 run(s), 1 hit(s), 0 error(s), 2 left on base; Augusta 0 - Jersey City 0 |
TOP OF THE 2ND |
Augusta Timber Hawks batting - Pitching for Jersey City Sun Caps : RHP Aurelio López
|
Batting: LHB Emílio Barbán
|
0-0: Swinging Strike 0-1: Ball 1-1: Swinging Strike 1-2: Foul Ball, location: 2F 1-2: Ground out 4-3 (Groundball, 4)
|
Batting: SHB Jason Alexander
|
0-0: Called Strike 0-1: Called Strike 0-2: Ball 1-2: Strikes out swinging
|
Batting: RHB Hiwahikeiki Noelani
|
0-0: Called Strike 0-1: Foul Ball, location: 2F 0-2: Strikes out swinging
|
Top of the 2nd over - 0 run(s), 0 hit(s), 0 error(s), 0 left on base; Augusta 0 - Jersey City 0 |
BOTTOM OF THE 2ND |
Jersey City Sun Caps batting - Pitching for Augusta Timber Hawks : RHP Seth Rice
|
Batting: RHB Tony Quintana
|
0-0: DOUBLE (Line Drive, 7LD)
|
Batting: RHB Roy Williams
|
0-0: Called Strike 0-1: Called Strike 0-2: Ball 1-2: Fly out, F8 (Flyball, 8RM)
|
Batting: RHB Raúl Catuncan
|
0-0: Ball 1-0: Swinging Strike 1-1: Fly out, F7 (Line Drive, 78M)
|
Batting: RHB Christian O'Dell
|
0-0: Called Strike 0-1: Foul Ball, location: 2F 0-2: Fly out, F9 (Flyball, 9S)
|
Bottom of the 2nd over - 0 run(s), 1 hit(s), 0 error(s), 1 left on base; Augusta 0 - Jersey City 0 |
TOP OF THE 3RD |
Augusta Timber Hawks batting - Pitching for Jersey City Sun Caps : RHP Aurelio López
|
Batting: SHB Lawrence Franklin
|
0-0: Foul Ball, location: 2F 0-1: Ball 1-1: Ground out 4-3 (Groundball, 4)
|
Batting: RHB Claudio Mendoza
|
0-0: Ball 1-0: Foul Ball, location: 2F 1-1: Ball 2-1: Called Strike 2-2: Ground out 5-3 (Groundball, 5)
|
Batting: LHB Gustavo Vázquez
|
0-0: Called Strike 0-1: Ball 1-1: Foul Ball, location: 2F 1-2: Foul Ball, location: 2F 1-2: Strikes out swinging
|
Top of the 3rd over - 0 run(s), 0 hit(s), 0 error(s), 0 left on base; Augusta 0 - Jersey City 0 |
BOTTOM OF THE 3RD |
Jersey City Sun Caps batting - Pitching for Augusta Timber Hawks : RHP Seth Rice
|
Batting: RHB Luis Rodríguez
|
0-0: Ball 1-0: Called Strike 1-1: SINGLE (Groundball, 56D)
|
Batting: RHB Bryan Wilson
|
0-0: SINGLE (Line Drive, 8LS) Luis Rodríguez to second
|
Batting: LHB Roberto Salazar
|
0-0: Grounds into double play, 6-4-3 (Groundball, 6) Luis Rodríguez to third
|
Batting: RHB Micheal Murdoch
|
0-0: Foul Ball, location: 2F 0-1: Ball 1-1: Ball 2-1: Ball 3-1: Ground out 6-3 (Groundball, 6M)
|
Bottom of the 3rd over - 0 run(s), 2 hit(s), 0 error(s), 1 left on base; Augusta 0 - Jersey City 0 |
TOP OF THE 4TH |
Augusta Timber Hawks batting - Pitching for Jersey City Sun Caps : RHP Aurelio López
|
Batting: LHB Brad Lawrence
|
0-0: Ball 1-0: Called Strike 1-1: Swinging Strike 1-2: Foul Ball, location: 2F 1-2: Ball 2-2: Strikes out looking
|
Batting: LHB Ray Merrill
|
0-0: Swinging Strike 0-1: Swinging Strike 0-2: Ball 1-2: Ground out 4-3 (Groundball, 4)
|
Batting: LHB Alberto Torres
|
0-0: Ground out 6-3 (Groundball, 6M)
|
Top of the 4th over - 0 run(s), 0 hit(s), 0 error(s), 0 left on base; Augusta 0 - Jersey City 0 |
BOTTOM OF THE 4TH |
Jersey City Sun Caps batting - Pitching for Augusta Timber Hawks : RHP Seth Rice
|
Batting: RHB Eddy Baxter
|
0-0: Ball 1-0: Swinging Strike 1-1: Ball 2-1: Called Strike 2-2: Fly out, F4 (Popup, 4)
|
Batting: RHB Tony Quintana
|
0-0: Foul Ball, location: 2F 0-1: Ball 1-1: Fly out, F7 (Line Drive, 78M)
|
Batting: RHB Roy Williams
|
0-0: Ball 1-0: Called Strike 1-1: Reached on error, E5 (Groundball, 56S)
|
Batting: RHB Raúl Catuncan
|
0-0: Swinging Strike 0-1: Ball 1-1: Fly out, F9 (Flyball, 89D)
|
Bottom of the 4th over - 0 run(s), 0 hit(s), 1 error(s), 1 left on base; Augusta 0 - Jersey City 0 |
TOP OF THE 5TH |
Augusta Timber Hawks batting - Pitching for Jersey City Sun Caps : RHP Aurelio López
|
Batting: LHB Emílio Barbán
|
0-0: Swinging Strike 0-1: Swinging Strike 0-2: Strikes out looking
|
Batting: SHB Jason Alexander
|
0-0: Swinging Strike 0-1: Ball 1-1: Foul Ball, location: 2F 1-2: Strikes out looking
|
Batting: RHB Hiwahikeiki Noelani
|
0-0: Called Strike 0-1: Ball 1-1: Foul Ball, location: 2F 1-2: Ball 2-2: Ball 3-2: Foul Ball, location: 2F 3-2: SINGLE (Groundball, 56D)
|
Batting: SHB Lawrence Franklin
|
0-0: Called Strike 0-1: Ball 1-1: Foul Ball, location: 2F 1-2: Ground out U3 (Groundball, 3S)
|
Top of the 5th over - 0 run(s), 1 hit(s), 0 error(s), 1 left on base; Augusta 0 - Jersey City 0 |
BOTTOM OF THE 5TH |
Jersey City Sun Caps batting - Pitching for Augusta Timber Hawks : RHP Seth Rice
|
Batting: RHB Christian O'Dell
|
0-0: Ball 1-0: Ball 2-0: Ball 3-0: Called Strike 3-1: Called Strike 3-2: Foul Ball, location: 2F 3-2: Base on Balls
|
Batting: RHB Luis Rodríguez
|
0-0: Sac Bunt - play at first, batter OUT! 5-4 Christian O'Dell to second
|
Batting: RHB Bryan Wilson
|
0-0: Ball Wild Pitch! Christian O'Dell to third 1-0: SINGLE (Flyball, 89S) Christian O'Dell scores
|
Batting: LHB Roberto Salazar
|
0-0: Fly out, F9 (Flyball, 9M)
|
Batting: RHB Micheal Murdoch
|
0-0: Called Strike 0-1: Ball 1-1: Ball 2-1: Called Strike 2-2: Ground out 4-3 (Groundball, 4)
|
Bottom of the 5th over - 1 run(s), 1 hit(s), 0 error(s), 1 left on base; Augusta 0 - Jersey City 1 |
TOP OF THE 6TH |
Augusta Timber Hawks batting - Pitching for Jersey City Sun Caps : RHP Aurelio López
|
Batting: RHB Claudio Mendoza
|
0-0: Ball 1-0: Called Strike 1-1: Ball 2-1: Ground out 6-3 (Groundball, 6)
|
Batting: LHB Gustavo Vázquez
|
0-0: Ball 1-0: Ball 2-0: Fly out, F7 (Flyball, 78M)
|
Batting: LHB Brad Lawrence
|
0-0: Ball 1-0: Called Strike 1-1: Ball 2-1: Ground out 1-3 (Groundball, 13)
|
Top of the 6th over - 0 run(s), 0 hit(s), 0 error(s), 0 left on base; Augusta 0 - Jersey City 1 |
BOTTOM OF THE 6TH |
Jersey City Sun Caps batting - Pitching for Augusta Timber Hawks : RHP Seth Rice
|
Batting: RHB Eddy Baxter
|
0-0: Ball 1-0: Ball 2-0: Fly out, F4 (Popup, 34D)
|
Batting: RHB Tony Quintana
|
0-0: Ball 1-0: Ball 2-0: Called Strike 2-1: Fly out, F9 (Line Drive, 9M)
|
Batting: RHB Roy Williams
|
0-0: Ball 1-0: Ball 2-0: Called Strike 2-1: Foul Ball, location: 2F 2-2: Ground out 5-3 (Groundball, 5S)
|
Bottom of the 6th over - 0 run(s), 0 hit(s), 0 error(s), 0 left on base; Augusta 0 - Jersey City 1 |
TOP OF THE 7TH |
Augusta Timber Hawks batting - Pitching for Jersey City Sun Caps : RHP Aurelio López
|
Batting: LHB Ray Merrill
|
0-0: Ball 1-0: Ball 2-0: Called Strike 2-1: Foul Ball, location: 2F 2-2: Ground out U3 (Groundball, 3)
|
Batting: LHB Alberto Torres
|
0-0: Called Strike 0-1: Ball 1-1: Ground out U3 (Groundball, 3S)
|
Batting: LHB Emílio Barbán
|
0-0: Called Strike 0-1: Foul Ball, location: 2F 0-2: Strikes out swinging
|
Top of the 7th over - 0 run(s), 0 hit(s), 0 error(s), 0 left on base; Augusta 0 - Jersey City 1 |
BOTTOM OF THE 7TH |
Jersey City Sun Caps batting - Pitching for Augusta Timber Hawks : RHP Seth Rice
|
Batting: RHB Raúl Catuncan
|
0-0: Called Strike 0-1: Foul Ball, location: 2F 0-2: Ball 1-2: Foul Ball, location: 2F 1-2: Ball 2-2: Fly out, F4 (Popup, 34)
|
Batting: RHB Christian O'Dell
|
0-0: Ball 1-0: Ball 2-0: Ground out 5-3 (Groundball, 5S)
|
Batting: RHB Luis Rodríguez
|
0-0: Foul Ball, location: 2F 0-1: Ball 1-1: Ball 2-1: SINGLE (Groundball, 34D)
|
Batting: RHB Bryan Wilson
|
0-0: Called Strike Luis Rodríguez is caught stealing 2nd base
|
Bottom of the 7th over - 0 run(s), 1 hit(s), 0 error(s), 0 left on base; Augusta 0 - Jersey City 1 |
BOTTOM OF THE 8TH |
Jersey City Sun Caps batting - Pitching for Augusta Timber Hawks : RHP Seth Rice
|
Batting: RHB Bryan Wilson
|
0-0: Ball 1-0: Called Strike 1-1: Foul Ball, location: 2F 1-2: Ball 2-2: Ball 3-2: Foul Ball, location: 2F 3-2: Foul Ball, location: 2F 3-2: Fly out, F9 (Flyball, 9M)
|
Pitching: RHP Aaron O'Neill
|
|
Batting: LHB Roberto Salazar
|
0-0: Ball 1-0: SINGLE (Groundball, 34D)
|
Batting: RHB Micheal Murdoch
|
0-0: Called Strike 0-1: Ball 1-1: SINGLE (Groundball, 6MD) Roberto Salazar to second
|
Batting: RHB Eddy Baxter
|
0-0: Ball Roberto Salazar steals 3rd base Micheal Murdoch to second 1-0: Fly out, F8 (Flyball, 8RXD) Runner from 3rd tags up, SCORES, no throw Micheal Murdoch to third
|
Batting: RHB Tony Quintana
|
0-0: Called Strike 0-1: Foul Ball, location: 2F 0-2: Ball 1-2: Ball 2-2: Foul Ball, location: 2F 2-2: Fly out, F9 (Flyball, 89XD)
|
Bottom of the 8th over - 1 run(s), 2 hit(s), 0 error(s), 1 left on base; Augusta 0 - Jersey City 2 |
TOP OF THE 9TH |
Augusta Timber Hawks batting - Pitching for Jersey City Sun Caps : RHP Aurelio López
|
Pitching: RHP Carlos Guzmán
|
|
Batting: LHB Brad Lawrence
|
0-0: Swinging Strike 0-1: Ball 1-1: Foul Ball, location: 2F 1-2: Strikes out swinging
|
Batting: LHB Ray Merrill
|
0-0: Ball 1-0: Called Strike 1-1: Ball 2-1: Ball 3-1: Foul Ball, location: 2F 3-2: Base on Balls
|
Batting: LHB Alberto Torres
|
0-0: Ball 1-0: Swinging Strike 1-1: Ball 2-1: Ball 3-1: Foul Ball, location: 2F 3-2: Foul Ball, location: 2F 3-2: Base on Balls Ray Merrill to second
|
Batting: LHB Emílio Barbán
|
0-0: Fly out, F7 (Flyball, 7M)
|
Batting: SHB Jason Alexander
|
0-0: Ball 1-0: Ball 2-0: Ball 3-0: Called Strike 3-1: Called Strike 3-2: Foul Ball, location: 2F 3-2: Base on Balls Ray Merrill to third Alberto Torres to second
|
Batting: RHB Hiwahikeiki Noelani
|
0-0: Ball 1-0: Called Strike 1-1: Fielders Choice at 2nd, U4 (Groundball, 4M)
|
Top of the 9th over - 0 run(s), 0 hit(s), 0 error(s), 3 left on base; Augusta 0 - Jersey City 2 |
|